 Dungeon Crawl Stone Soup version 0.21-a0-260-g9b2435e (webtiles) character file.

23 tidbits the Insei (level 2, -2/22 HPs)
             Began as a Demigod Transmuter on Sept 7, 2017.
             Slain by a kobold
             ... wielding a +0 dagger
              (3 damage)
             ... on level 1 of the Dungeon.
             The game lasted 00:02:15 (356 turns).

tidbits the Insei (Demigod Transmuter)               Turns: 356, Time: 00:02:16

Health: -2/22      AC:  2    Str: 13    XL:     2   Next: 57%
Magic:  2/7        EV: 12    Int: 17    God:
Gold:   47         SH:  0    Dex: 16    Spells: 2/5 levels left

rFire    . . .     SeeInvis .     - Unarmed
rCold    . . .     Gourm    .   (no shield)
rNeg     . . .     Faith    .   b - +0 robe
rPois    .         Spirit   .   (no helmet)
rElec    .         Reflect  .   (no cloak)
rCorr    .         Harm     .   (no gloves)
MR       .....                  (no boots)
Stlth    +.........             (no amulet)
HPRegen  0.07/turn              (no ring)
MPRegen  0.10/turn              (no ring)

@: no status effects
A: high mp 1
a: no special abilities


You were on level 1 of the Dungeon.
You were not hungry.

You visited 1 branch of the dungeon, and saw 1 of its levels.

You collected 47 gold pieces.

Inventory:

Missiles
 a - 27 arrows
Armour
 b - a +0 robe (worn)
 k - a cursed +0 buckler
Scrolls
 g - a scroll of teleportation {unknown}
 h - a scroll of identify {unknown}
 i - a scroll of immolation {unknown}
 l - a scroll of enchant armour {unknown}
Potions
 e - 2 potions of berserk rage {unknown}
 j - a potion of agility {unknown}
 n - a potion of curing {unknown}
 o - a potion of lignification {unknown}
Books
 c - a book of Changes

   Spells                             Type                      Level
   a - Beastly Appendage              Transmutation                1
   b - Sticks to Snakes               Transmutation                2
   c - Spider Form                    Transmutation/Poison         3
   d - Ice Form                       Ice/Transmutation            4
   e - Blade Hands                    Transmutation                5
Comestibles
 d - 2 bread rations
 m - a royal jelly


   Skills:
 - Level 0.8 Fighting
 - Level 1.7 Dodging
 * Level 3.3 Unarmed Combat
 - Level 2.0 Spellcasting
 + Level 2.0 Transmutations


You had 2 spell levels left.
You knew the following spells:

 Your Spells              Type           Power        Failure   Level  Hunger
e - Beastly Appendage     Tmut           #.....       9%          1    #......
k - Sticks to Snakes      Tmut           #.......     13%         2    ###....


Dungeon Overview and Level Annotations

Branches:
Dungeon (1/15)


Innate Abilities, Weirdness & Mutations

You have an increased reservoir of magic. (+10% MP)


Message History

The jackal is severely wounded.
The jackal bites you.
* * * LOW HITPOINT WARNING * * *
Your adder misses the jackal.
A kobold comes into view. It is wielding a dagger.
You closely miss the jackal. You claw the jackal.
You kill the jackal!
The jackal closely misses your adder. What are your orders? t - Shout!
Orders for allies: a - Attack new target. p - Attack previous target. r - Retreat! s - Stop attacking. g - Guard the area. f - Follow me.
Anything else - Cancel.
Gang up on whom?
Press: ? - help, Dir - move target cursor, f/p - jackal
Aim: a jackal (severely wounded) Attack!
Your adder closely misses the jackal.
Your adder barely misses the jackal.
The jackal closely misses your adder.
Your adder bites the jackal but does no damage.
Your adder closely misses the jackal.
The jackal bites your adder.
The jackal bites your adder but does no damage.
Your adder bites the jackal.
The jackal dies!
The jackal bites your adder.
A dart slug comes into view.
The jackal closely misses your adder. The rat closely misses your adder.
Your adder barely misses the jackal.
The jackal barely misses your adder. x2
You see here a jackal corpse.
Your talons disappear.
The jackal barely misses your adder.
Your adder barely misses the jackal.
The rat bites your adder but does no damage.
The jackal barely misses your adder. The jackal misses your adder.
Your adder barely misses the jackal.
Casting: Sticks to Snakes
Confirm with . or Enter, or press ? or * to list all spells.
Your feet morph into talons.
The rat barely misses your adder. The jackal misses your adder.
The jackal bites your adder but does no damage.
Your adder barely misses the jackal.
The jackal misses your adder. Something bites your adder.
The rat misses your adder. The jackal barely misses your adder.
Something misses your adder. The rat closely misses your adder.
The jackal bites your adder. Something bites your adder.
The jackal bites your adder but does no damage.
The rat barely misses your adder.
Your adder closely misses the jackal.
The jackal bites your adder.
Your adder dies!
The jackal bites your adder. The jackal barely misses your adder.
The rat completely misses your adder. The jackal bites your adder.
Your adder barely misses the jackal.
The jackal misses your adder.
Your adder withers and dies!
Your transformation is almost over.
The rat twitches its whiskers.
The rat closely misses you.
You see here a jackal corpse.
You hit the rat. Your kick misses the rat.
The rat is moderately wounded.
The rat bites you.
* * * LOW HITPOINT WARNING * * *
The rat bites you.
* * * LOW HITPOINT WARNING * * *
Casting: Beastly Appendage
Confirm with . or Enter, or press ? or * to list all spells.
You create a snake!
You now have 27 arrows.
The rat misses you.
Your adder closely misses the rat.
You hit the rat.
You kill the rat!
You barely miss the jackal. You claw the jackal.
The jackal is almost dead.
Your adder barely misses the jackal.
The jackal bites you.
* * * LOW HITPOINT WARNING * * *
Your adder bites the jackal.
The jackal dies!
Your adder barely misses the jackal.
You closely miss the jackal. The jackal misses you.
Your adder bites the jackal.
You closely miss the jackal. Your kick misses the jackal.
Your punch misses the jackal.
The jackal is heavily wounded.
Your talons disappear.
The jackal bites you but does no damage.
Your adder bites the jackal.
The jackal dies!
You hit the goblin.
You kill the goblin!
The kobold throws a stone.
The stone hits you.
* * * LOW HITPOINT WARNING * * *
You hit the dart slug but do no damage.
Your adder bites the dart slug.
Your adder bites the dart slug but does no damage.
You hit the dart slug.
The dart slug is almost dead.
The dart slug closely misses you.
Your adder bites the dart slug.
You hit the dart slug.
You kill the dart slug!
Your Transmutations skill increases to level 2!
The kobold throws a stone.
The stone barely misses you. The kobold hits you with a dagger.
You die...

#.# #.# #.#
#.# #.#
##.######.#
........#.#
#.#S# #K@(#
#[### #...#
.......
#..#...###
#..##... #.
... ..###
#.# #.# ⌠.#
#.# #. ..#
#.#


You could see a kobold and a friendly adder.

Vanquished Creatures
  A dart slug (D:1)
  2 leopard geckos (D:1)
  A giant cockroach (D:1)
  3 goblins (D:1)
  A hobgoblin (D:1)
  A jackal (D:1)
  2 bats (D:1)
  2 frilled lizards (D:1)
  2 kobolds (D:1)
  A rat (D:1)
16 creatures vanquished.

Vanquished Creatures (collateral kills)
  3 jackals (D:1)
3 creatures vanquished.

Grand Total: 19 creatures vanquished

Notes
Turn   | Place    | Note
-------+----------+-------------------------------------------
     0 | D:1      | tidbits the Demigod Transmuter began the quest for the Orb.
     0 | D:1      | Reached XP level 1. HP: 15/15 MP: 5/5
   136 | D:1      | Reached skill level 2 in Spellcasting
   255 | D:1      | Reached skill level 3 in Unarmed Combat
   255 | D:1      | Reached XP level 2. HP: 5/22 MP: 5/7
   259 | D:1      | Learned a level 2 spell: Sticks to Snakes
   348 | D:1      | HP: 2/22 [jackal (2)]
   355 | D:1      | Reached skill level 2 in Transmutations
   356 | D:1      | Slain by a kobold

Vault maps used:
D:1:      giann_forest_graveyard, supply_closet_lemuel, moated_statue,
          nemelex_xobeh_ov_fountains_minmay

Skill      XL: |  1  2 |
---------------+-------+-----
Spellcasting   | 2 |  2.0
Unarmed Combat | 3 |  3.3
Transmutations | 2 |  2.0
Fighting       | |  0.8
Dodging        | |  1.7

Action                   || total
-------------------------++-------
Melee: Unarmed           ||    45
       Kick              ||     4
       Headbutt          ||     1
 Cast: Beastly Appendage ||    10
       Sticks to Snakes  ||     3
  Use: Scroll            ||     1
 Stab: Sleeping          ||     1
Armor: Robe              ||     6
Dodge: Dodged            ||    27

Table legend:
 A = Spawn XP
 B = Non-spawn XP
 C = Spawn XP percentage of total XP
 D = Spawn monster count
 E = Non-spawn monster count
 F = Spawn count percentage of total count
 G = Total turns spent on level
                    A         B        C        D         E        F      G
               +---------+---------+-------+---------+---------+-------+---------
         Total |       0 |      34 |   0.0 |       0 |      19 |   0.0 |   356
               +---------+---------+-------+---------+---------+-------+---------
           D:1 |       0 |      34 |   0.0 |       0 |      19 |   0.0 |   356
               +---------+---------+-------+---------+---------+-------+---------

Table legend:
 A = Turns spent in this place as a percentage of turns spent in the entire game.
 B = Non-inter-level travel turns spent in this place as a percentage of non-inter-level travel turns spent in the entire game.
 C = Inter-level travel turns spent in this place as a percentage of turns spent in this place.
 D = Turns resting spent in this place as a percentage of non-inter-level travel turns spent in this place.
 E = Turns spent auto-exploring this place as a percentage of non-inter-level travel turns spent in this place.
 F = Non-inter-level travel turns spent in this place divided by the number of levels of this place that you've seen.
                   A       B       C       D       E      F
               +-------+-------+-------+-------+-------+----------------------
         Total | 100.0 | 100.0 |   0.0 |   0.0 |   0.0 | 356.0
       Dungeon | 100.0 | 100.0 |   0.0 |   0.0 |   0.0 | 356.0
               +-------+-------+-------+-------+-------+----------------------

Table legend:
 A = Kills in this place as a percentage of kills in entire the game.
 B = Kills by you in this place as a percentage of kills by you in the entire game.
 C = Kills by friends in this place as a percentage of kills by friends in the entire game.
 D = Other kills in this place as a percentage of other kills in the entire game.
 E = Experience gained in this place as a percentage of experience gained in the entire game.
 F = Experience gained in this place divided by the number of levels of this place that you have seen.
                   A       B       C       D       E      F
               +-------+-------+-------+-------+-------+----------------------
         Total | 100.0 | 100.0 | 100.0 |   N/A | 100.0 |  34.0
       Dungeon | 100.0 | 100.0 | 100.0 |   N/A | 100.0 |  34.0
               +-------+-------+-------+-------+-------+----------------------

Vault maps used:
D:1:      giann_forest_graveyard, supply_closet_lemuel, moated_statue,
          nemelex_xobeh_ov_fountains_minmay
